 Dungeon Crawl Stone Soup version 0.30-a0-424-g7412bad402 (webtiles) character file.

Game seed: 15199498928201706749

71 ytrimaz the Insei (level 3, -1/27 HPs)
             Began as a Demigod Transmuter on Dec 9, 2022.
             Slain by an iguana (9 damage)
             ... on level 3 of the Dungeon.
             The game lasted 00:02:40 (1833 turns).

ytrimaz the Insei (Demigod Transmuter)              Turns: 1833, Time: 00:02:41

Health: -1/27      AC:  3    Str: 11    XL:     3   Next: 79%
Magic:  8/8        EV: 13    Int: 19    God:
Gold:   43         SH:  0    Dex: 14    Spells: 2/5 levels left

rFire   . . .      SeeInvis .      - Unarmed
rCold   . . .      Faith    .    (no shield)
rNeg    . . .      Spirit   .    a - +0 robe
rPois   .          Reflect  .    (helmet currently unavailable)
rElec   .          Harm     .    g - +0 cloak
rCorr   .          Rampage  .    (no gloves)
Will    .....                    (boots currently unavailable)
Stlth   +.........               (no amulet)
HPRegen 0.24/turn                (no ring)
MPRegen 0.11/turn                (no ring)

@: appendages (expiring)
A: horns 2, talons 2, high MP 1, forlorn, divine attributes
a: End Transformation


You were on level 3 of the Dungeon.
You had temporarily grown beastly horns and talons.
You visited 1 branch of the dungeon, and saw 4 of its levels.

You collected 43 gold pieces.


Innate Abilities, Weirdness & Mutations

You have temporarily grown beastly horns and talons.
You have an increased reservoir of magic. (+10% MP)
You shall have no god before yourself.
Your divine heritage dramatically boosts your attributes as you level up.


   Skills:
 - Level 0.8 Fighting
 + Level 3.0 Dodging
 + Level 3.7 Unarmed Combat
 - Level 1.7 Spellcasting
 - Level 1.7 Transmutations


You had 2 spell levels left.
You knew the following spells:

 Your Spells              Type           Power      Damage    Failure   Level
a - Beastly Appendage     Tmut           16%        N/A       9%          1
b - Wereblood             Tmut           8%         N/A       13%         2

Your spell library contained the following spells:

 Spells                   Type           Power      Damage    Failure   Level
 Apportation              Tloc           2%         N/A       17%         1
 Necrotise                Necr           4%         1d4       17%         1
 Summon Small Mammal      Summ           4%         N/A       17%         1
 Spider Form              Tmut/Pois      5%         N/A       36%         3
 Vhi's Electric Charge    Tloc/Air       2%         N/A       45%         3
 Ice Form                 Ice/Tmut       5%         N/A       77%         4
 Arcjolt                  Conj/Air       0%         1d10      99%         5
 Maxwell's Capacitive Co  Air            0%         ∞         100%        8

Inventory:

Missiles
 n - 2 throwing nets
Armour
 a - a +0 robe (worn)
 g - a +0 cloak (worn)
   (You found it on level 1 of the Dungeon)
Jewellery
 j - a ring of protection from fire
   (You found it on level 2 of the Dungeon)
Scrolls
 e - 2 scrolls of teleportation
Potions
 b - a potion of lignification
 d - a potion of degeneration
 h - a potion of brilliance
 i - a potion of heal wounds
 l - a potion of resistance
 o - a potion of mutation

Dungeon Overview and Level Annotations

Branches:
Dungeon (4/15) Zot: 22176
 Temple: D:4-7

### #<# #.###### ###
#....... ..# ########
#.# ##############
#!#.##...........#
#.####.#.##.>.........#
#.....@..##...........#
#..###l#####.#####.####
.######.#####.#####.#
.................##.####
#######.#####.##[#......
........................
#######.#####.##.#..####
##.# #.##.#..# .. +..#
#.##.#..####


You could see an iguana.


Message History

The orc barely misses you.
You barely miss the orc. You claw the orc.
You kill the orc! 😕 HP[+1] No target in view!
Unknown command.
There is an open door here.
You see here a +0 dagger.
Your horns disappear.
Your talons disappear.
You see here a bat corpse.
Things that are here:
a +0 club; 7 poisoned darts; a kobold corpse 😎 HP[+2]
Your hp is fully restored (27).
Key pressed, stopping explore.
Found an escape hatch in the floor.
Okay, then.
A ball python comes into view.
A ball python is nearby!
A ball python is nearby!
A ball python is nearby!
A ball python is nearby!
You grow a pair of large bovine horns.
Your feet morph into talons. 😎 MP[-1]
You lost 1 mp, and now have 7/8 mp.
The ball python hisses angrily.
You hit the ball python but do no damage.
Your kick misses the ball python.
The ball python bites you but does no damage.
The ball python closely misses you. The ball python completely misses you.
The ball python grabs you. The ball python constricts you.
You closely miss the ball python. Your kick misses the ball python.
The ball python closely misses you. The ball python constricts you.
You hit the ball python but do no damage.
Your kick misses the ball python.
The ball python bites you but does no damage.
The ball python constricts you. 😕 HP[-1]
You take 1 damage, and now have 26/27 hp.
Unknown command.
A ball python is nearby!
You completely miss the ball python. Your kick misses the ball python.
The ball python barely misses you. The ball python constricts you.
You hit the ball python. Your headbutt misses the ball python.
The ball python bites you but does no damage.
The ball python constricts you.
You hit the ball python.
You kill the ball python!
Your transformation is almost over.
Key pressed, stopping explore.
Your horns disappear.
Your talons disappear.
A rat comes into view. 😎 HP[+1] MP[+1]
Your hp is fully restored (27).
Your mp is fully restored (8).
A rat is nearby!
A rat is nearby!
Unknown command.
A rat is nearby!
A rat is nearby!
You grow a pair of large bovine horns.
Your feet morph into talons. 😎 MP[-1]
You lost 1 mp, and now have 7/8 mp.
An iguana comes into view.
The iguana hisses angrily.
The rat twitches its whiskers.
The rat closely misses you.
Unknown command.
You punch the rat!
You kill the rat!
You barely miss the iguana.
Your transformation is almost over.
The iguana barely misses you.
You closely miss the iguana.
You claw the iguana, but do no damage. 😎 MP[+1]
Your mp is fully restored (8).
You hit the iguana. Your kick misses the iguana. The iguana bites you! 😮 HP[-8]
You take 8 damage, and now have 19/27 hp.
MASSIVE DAMAGE!! (PAUSE)
You hit the iguana but do no damage. You claw the iguana, but do no damage.
The iguana barely misses you.
You are too injured to fight recklessly!
You hit the iguana but do no damage. The iguana bites you.
Unknown command. 😮 HP[-5]
You take 5 damage, and now have 14/27 hp.
You are too injured to fight recklessly!
You hit the iguana but do no damage.
You headbutt the iguana, but do no damage.
The iguana bites you.
* * * LOW HITPOINT WARNING * * *
😨 HP[-6]
You take 6 damage, and now have 8/27 hp.
MASSIVE DAMAGE!! (PAUSE)
You barely miss the iguana. Your kick misses the iguana.
The iguana barely misses you.
You are too injured to fight recklessly!
You hit the iguana but do no damage. You claw the iguana. The iguana bites you!
You die...

Skill      XL: |  1  2  3 |
---------------+----------+-----
Dodging        | 2 3 |  3.0
Unarmed Combat | 3 |  3.7
Fighting       | |  0.8
Spellcasting   | |  1.7
Transmutations | |  1.7

Action                   || total
-------------------------++-------
Melee: Unarmed           ||   153
       Punch             ||     4
       Kick              ||    16
       Headbutt          ||     4
 Cast: Beastly Appendage ||    13
  Use: Scroll            ||    10
 Stab: Sleeping          ||     3
Armor: Robe              ||    31
Dodge: Dodged            ||    97

Levels and vault maps discovered:
D:1:      dpeg_arrival_short_road, layout_basic
D:2:      layout_basic, hellmonk_ecumenical_altar_heavens_door
D:3:      layout_basic
D:4:      minmay_razor_zed, layout_loops_ring, mainiacjoe_overflow_chevrons,
          minmay_temple_entry_poolview, minmay_increasing_density, uniq_edmund,
          uniq_sigmund

Notes
Turn   | Place    | Note
-------+----------+-------------------------------------------
     0 | D:1      | ytrimaz the Demigod Transmuter began the quest for the Orb.
     0 | D:1      | Reached XP level 1. HP: 15/15 MP: 5/5
     0 | D:1      | magus.rc [v1.9.6]
    64 | D:1      | Reached skill level 2 in Dodging
    91 | D:1      | Reached skill level 3 in Unarmed Combat
    95 | D:1      | HP: 3/15 [quokka (4)]
    97 | D:1      | Reached XP level 2. HP: 5/22 MP: 7/7
   334 | D:1      | You add the spells Vhi's Electric Charge, Arcjolt and
                  | Maxwell's Capacitive Coupling to your library.
   409 | D:1      | You pick up a book of Cantrips and begin reading...
   409 | D:1      | You add the spells Necrotise, Summon Small Mammal and
                  | Apportation to your library.
  1007 | D:2      | Learned a level 2 spell: Wereblood
  1206 | D:2      | Reached XP level 3. HP: 22/27 MP: 6/8
  1240 | D:2      | Identified the +7 mace of Doomed Absolution {spect, rN+}
  1534 | D:2      | You fall into a shaft and drop 2 floors!
  1721 | D:3      | Reached skill level 3 in Dodging
  1833 | D:3      | Slain by an iguana

Vanquished Creatures
  An adder (D:2)
  2 worms
  A dart slug (D:1)
  5 orcs (D:3)
  5 endoplasms
  2 hobgoblins (D:2)
  6 jackals
  7 kobolds
  A quokka (D:1)
  5 ball pythons
  5 bats
  3 frilled lizards
  4 rats
47 creatures vanquished.

Table legend:
 A = Non-vault XP
 B = Vault XP
 C = Vault XP percentage of total XP
 D = Non-vault monster count
 E = Vault monster count
 F = Vault count percentage of total count
                 A         B        C        D         E       F
            +---------+---------+-------+---------+---------+-------
      Total |     102 |       0 |   0.0 |      47 |       0 |   0.0
            +---------+---------+-------+---------+---------+-------
        D:1 |      34 |       0 |   0.0 |      20 |       0 |   0.0
        D:2 |      40 |       0 |   0.0 |      15 |       0 |   0.0
        D:3 |      28 |       0 |   0.0 |      12 |       0 |   0.0
            +---------+---------+-------+---------+---------+-------

Illustrated notes

Table legend:
 A = Kills in this place as a percentage of kills in entire the game.
 B = Kills by you in this place as a percentage of kills by you in the entire game.
 C = Kills by friends in this place as a percentage of kills by friends in the entire game.
 D = Other kills in this place as a percentage of other kills in the entire game.
 E = Experience gained in this place as a percentage of experience gained in the entire game.
 F = Experience gained in this place divided by the number of levels of this place that you have seen.
                   A       B       C       D       E      F
               +-------+-------+-------+-------+-------+----------------------
         Total | 100.0 | 100.0 |   N/A |   N/A | 100.0 |  25.5
       Dungeon | 100.0 | 100.0 |   N/A |   N/A | 100.0 |  25.5
               +-------+-------+-------+-------+-------+----------------------

Table legend: (Time is in decaauts)
 A = Elapsed time spent in this place.
 B = Non-inter-level travel time spent in this place.
 C = Inter-level travel time spent in this place.
 D = Time resting spent in this place.
 E = Time spent auto-exploring this place.
 F = Levels seen in this place.
 G = Mean time per level.
                   A        B        C        D        E       F      G
               +--------+--------+--------+--------+--------+-----+--------+
         Total |   1823 |   1697 |    126 |      0 |   1311 |   4 |  455.8 |
       Dungeon |   1823 |   1697 |    126 |      0 |   1311 |   4 |  455.8 |
               +--------+--------+--------+--------+--------+-----+--------+

Top non-repeatable levels by time:
     D:1: 988 daAuts
     D:2: 573 daAuts
     D:3: 258 daAuts
     D:4: 2 daAuts
